 Dungeon Sprint DCSS version 0.27.1-33-g824d729ab1 (webtiles) character file.

Game seed: 4172318532613684781

9417 Adenis the Warrior (level 11, 0/178 HPs)
             Began as a Minotaur Berserker on Dec 4, 2021.
             Was the Champion of Trog.
             Slain by a 12-headed hydra (8 damage)
             ... in the Dungeon (Sprint I: "Red Sonja").
             The game lasted 00:11:24 (4515 turns).

Adenis the Warrior (Minotaur Berserker)             Turns: 4515, Time: 00:11:25

Health: 0/178      AC: 14    Str: 35    XL:     11   Next: 22%
Magic:  10/10      EV: 17    Int:  0    God:    Trog [******]
Gold:   166        SH:  0    Dex: 19    Spells: 10/10 levels left

rFire    . . .     SeeInvis .   l - +13 rapier "Yhuclu" {flame, Str+4 Int-4 Dex+9}
rCold    . . .     Faith    .   (no shield)
rNeg     + . .     Spirit   .   p - +2 chain mail {rN+}
rPois    .         Reflect  .   (helmet restricted)
rElec    .         Harm     .   (no cloak)
rCorr    .         Rampage  .   (no gloves)
Will     .....     NoTele   +   (no boots)
Stlth    ..........             (no amulet)
HPRegen  0.39/turn              a - +6 ring of strength
MPRegen  0.12/turn              (no ring)

@: berserking, slowed, lost intelligence
A: horns 2, retaliatory headbutt
a: Renounce Religion, Berserk, Trog's Hand, Brothers in Arms


You were in the Dungeon.
You worshipped Trog.
Trog was exalted by your worship.
You visited 1 branch You collected 1047 gold pieces.
You spent 881 gold pieces at shops.

Inventory:

Hand Weapons
 l - the +13 rapier "Yhuclu" (weapon) {flame, Str+4 Int-4 Dex+9}
   (Trog gifted it to you in the Dungeon)

   It burns those it strikes, dealing additional fire damage.
   Str:       It affects your strength (+4).
   Int:       It affects your intelligence (-4).
   Dex:       It affects your dexterity (+9).
 m - a +6 antimagic rapier
 n - a +7 antimagic quick blade
 q - the +1 short sword of Ysio {vorpal, *Slow rElec rF++ rCorr}
   (You found it in the Dungeon)

   It inflicts extra damage upon your enemies.
   rF:        It greatly protects you from fire.
   rElec:     It insulates you from electricity.
   rCorr:     It protects you from acid and corrosion.
   *Slow:     It may slow you when you take damage.
Missiles
 r - 8 boomerangs of dispersal (quivered)
Armour
 b - a +0 animal skin
 j - a +0 ring mail of willpower
 p - a +2 chain mail of positive energy (worn)
 s - +2 fire dragon scales
Jewellery
 a - a +6 ring of strength (left hand)
Scrolls
 i - a scroll of identify {unknown}
 o - a scroll of enchant armour {unknown}
Potions
 c - a potion of curing
 d - a potion of lignification {unknown}
 e - a potion of haste
 f - 2 potions of magic
 g - a potion of berserk rage
 h - a potion of degeneration {unknown}
 k - a potion of cancellation {unknown}


   Skills:
 + Level 18.0 Fighting
 + Level 16.2 Short Blades
 + Level 13.5 Armour
 + Level 12.5 Dodging
 + Level 5.0 Stealth


You had 10 spell levels left.
You didn't know any spells.
Your spell library was empty.

Dungeon Overview and Level Annotations

Branches:
Dungeon (1/1)

Altars:
Cheibriados
Dithmenos
Elyvilon
Fedhas
Gozag
Hepliaklqana
Kikubaaqudgha
Makhleb
Nemelex Xobeh
Okawaru
Qazlal
Ru
Sif Muna
Trog
Uskayaw
Vehumet
Wu Jian
Xom
Yredelemnul
Zin
The Shining One
Jiyva
Lugonu

Shops:
D :[[:==*[((!*[(*[:


Innate Abilities, Weirdness & Mutations

You have a pair of horns on your head.
You reflexively headbutt those who attack you in melee.


Message History

You furiously retaliate!
You headbutt Sonja! Sonja misses you. Sonja completely misses you.
Sonja hits you but does no damage. Space warps horribly around you!!
Sonja hits you but does no damage. Space warps horribly around you!!
Sonja hits you but does no damage. Space bends around you.
The floating eye moves out of view.
You miss Sonja.
Sonja is heavily wounded.
The 12-headed hydra roars!
You barely miss Sonja. Your headbutt misses Sonja.
Sonja is heavily wounded.
Sonja hits you with a +1 short sword of distortion.
Sonja hits you but does no damage. Space warps horribly around you!
Sonja hits you with a +1 short sword of distortion.
Space warps horribly around you!!
* * * LOW HITPOINT WARNING * * *
You puncture Sonja! You burn Sonja.
You kill Sonja!
Trog accepts your kill. Trog grants you a weapon!
Something appears at your feet!
You see here a +2 halberd of flaming.
Trog appreciates your killing of a magic user.
Your Fighting skill increases to level 18!
Your Stealth skill increases to level 5!
You hit the 12-headed hydra. You burn the 12-headed hydra.
You headbutt the 12-headed hydra!
The 12-headed hydra is moderately wounded.
The 12-headed hydra bites you!
* * * LOW HITPOINT WARNING * * *
The 12-headed hydra completely misses you.
The 12-headed hydra bites you!
* * * LOW HITPOINT WARNING * * *
The 12-headed hydra bites you!
* * * LOW HITPOINT WARNING * * *
The 12-headed hydra closely misses you.
The 12-headed hydra bites you but does no damage.
The 12-headed hydra bites you.
* * * LOW HITPOINT WARNING * * *
The 12-headed hydra bites you but does no damage.
The 12-headed hydra bites you!
You die...

########################
..')).#).#§§§)†§@§§§D'.$
..#...##§#§####§§D§§##§G
###...)..#§# ##§§§##
§.#####..§.# ###'#
§§#§.##'#### .#
)§'..#... .. )§#§.#^.°°
.# ####'###○.° .##
.###.'.#^.°#


You could see a 12-headed hydra.

Vanquished Creatures
  2 centaur warriors (D)
  Sonja (D)
  A deep troll (D)
  A lindwurm (D)
  An oklob plant (D)
  A gargoyle (D)
  2 unseen horrors (D)
  4 demonic crawlers (D)
  2 kobold demonologists (D)
  A hornet (D)
  A slime creature (D)
  Sigmund (D)
  2 redbacks (D)
  A yak (D)
  13 hogs (D)
  2 floating eyes (D)
  7 necrophages (D)
  An ogre (D)
  8 jellies (D)
  Ijyb (D)
53 creatures vanquished.

Vanquished Creatures (others)
  the Lernaean hydra (D)
  A merfolk siren (D)
  A gargoyle (D)
  4 hornets (D)
7 creatures vanquished.

Grand Total: 60 creatures vanquished

Notes
Turn   | Place    | Note
-------+----------+-------------------------------------------
     0 | D        | Adenis the Minotaur Berserker began the quest for the Orb.
     0 | D        | Reached XP level 1. HP: 19/19 MP: 0/0
     2 | D        | Noticed Ijyb
    10 | D        | Killed Ijyb
    11 | D        | Reached skill level 5 in Fighting
    11 | D        | Reached skill level 5 in Short Blades
    11 | D        | Reached XP level 2. HP: 30/30 MP: 1/1
   148 | D        | Noticed an ogre
   152 | D        | Killed an ogre
   153 | D        | Reached skill level 7 in Fighting
   153 | D        | Reached XP level 3. HP: 40/40 MP: 2/2
   153 | D        | Reached XP level 4. HP: 48/48 MP: 3/3
   368 | D        | Noticed Sigmund
   373 | D        | Killed Sigmund
   373 | D        | Reached ** piety under Trog
   374 | D        | Reached skill level 9 in Fighting
   374 | D        | Reached skill level 5 in Armour
   374 | D        | Reached skill level 5 in Dodging
   374 | D        | Reached XP level 5. HP: 58/58 MP: 4/4
   374 | D        | Reached XP level 6. HP: 66/66 MP: 5/5
   527 | D        | Found a burning altar of Makhleb.
   527 | D        | Found a viscous altar of Jiyva.
   527 | D        | Found a shimmering altar of Xom.
   527 | D        | Found a corrupted altar of Lugonu.
   527 | D        | Noticed a slime creature
   536 | D        | Killed a slime creature
   537 | D        | Reached skill level 11 in Fighting
   537 | D        | Reached skill level 10 in Short Blades
   574 | D        | Found an ornate altar of the Wu Jian Council.
   574 | D        | Found a shimmering blue altar of Sif Muna.
   576 | D        | Found a radiant altar of Vehumet.
   629 | D        | Found Keoxzoy's Armour Emporium.
   629 | D        | Found an ancient bone altar of Kikubaaqudgha.
   629 | D        | Found a hazy altar of Hepliaklqana.
   629 | D        | Found a stormy altar of Qazlal.
   629 | D        | Found a hide-covered altar of Uskayaw.
   629 | D        | Found a blossoming altar of Fedhas.
   629 | D        | Found a bloodstained altar of Trog.
   629 | D        | Found an iron altar of Okawaru.
   629 | D        | Found a basalt altar of Yredelemnul.
   629 | D        | Found a glowing golden altar of the Shining One.
   629 | D        | Found a snail-covered altar of Cheibriados.
   629 | D        | Found a sacrificial altar of Ru.
   629 | D        | Found a glowing silver altar of Zin.
   629 | D        | Found a shadowy altar of Dithmenos.
   629 | D        | Found a white marble altar of Elyvilon.
   629 | D        | Noticed a yak
   638 | D        | Killed a yak
   638 | D        | Reached *** piety under Trog
   639 | D        | Reached XP level 7. HP: 75/75 MP: 6/6
   656 | D        | Found an opulent altar of Gozag.
   657 | D        | Found a sparkling altar of Nemelex Xobeh.
   661 | D        | Bought a +0 ring mail of willpower for 121 gold pieces
   836 | D        | Noticed a kobold demonologist
   836 | D        | Noticed a kobold demonologist
   837 | D        | Paralysed by a floating eye for 4 turns
   841 | D        | Noticed a hellwing
   846 | D        | Reached skill level 12 in Fighting
   846 | D        | Noticed an orange demon
   853 | D        | Noticed a rust devil
   854 | D        | Killed a kobold demonologist
   860 | D        | Killed a kobold demonologist
   860 | D        | Reached **** piety under Trog
   861 | D        | Reached skill level 13 in Fighting
   861 | D        | Reached XP level 8. HP: 75/86 MP: 7/7
   934 | D        | Killed the 27-headed Lernaean hydra
   937 | D        | Killed a hornet
  1044 | D        | Killed a hornet
  1078 | D        | Noticed a demonic crawler
  1078 | D        | Noticed a demonic crawler
  1078 | D        | Noticed a demonic crawler
  1078 | D        | Noticed a demonic crawler
  1088 | D        | Killed a demonic crawler
  1094 | D        | Killed a demonic crawler
  1113 | D        | Killed a demonic crawler
  1114 | D        | Reached skill level 14 in Fighting
  1114 | D        | Reached XP level 9. HP: 33/95 MP: 8/8
  1405 | D        | Killed a merfolk siren
  1555 | D        | Killed a gargoyle
  1558 | D        | Killed a demonic crawler
  1558 | D        | Reached ***** piety under Trog
  1959 | D        | Noticed a gargoyle
  1973 | D        | Killed a gargoyle
  1974 | D        | Reached skill level 1 in Stealth
  2144 | D        | Noticed Sonja
  2452 | D        | Noticed a deep troll
  2457 | D        | Killed a deep troll
  2458 | D        | Reached skill level 15 in Fighting
  2485 | D        | Found Laneizyu's Armour Emporium.
  2687 | D        | Found Zaotat's Book Boutique.
  2729 | D        | Noticed a centaur warrior
  2729 | D        | Noticed a centaur warrior
  2735 | D        | Killed a centaur warrior
  2736 | D        | Reached skill level 15 in Short Blades
  2736 | D        | Reached skill level 10 in Armour
  2736 | D        | Reached skill level 10 in Dodging
  2740 | D        | Killed a centaur warrior
  2741 | D        | Reached XP level 10. HP: 88/107 MP: 9/9
  3015 | D        | Identified the +13 rapier "Yhuclu" {flame, Str+4 Int-4
                  | Dex+9} (Trog gifted it to you in the Dungeon)
  3015 | D        | Received a gift from Trog
  3016 | D        | Reached skill level 16 in Fighting
  3022 | D        | Lost intelligence.
  3038 | D        | Noticed an oklob plant
  3606 | D        | Killed an oklob plant
  3875 | D        | Received a gift from Trog
  4195 | D        | Reached ****** piety under Trog
  4197 | D        | Received a gift from Trog
  4200 | D        | Reached skill level 17 in Fighting
  4218 | D        | Identified the +1 short sword of Ysio {vorpal, *Slow rElec
                  | rF++ rCorr}
  4228 | D        | Found Mulek's Book Shoppe.
  4228 | D        | Found Yttuav's Armour Shop.
  4228 | D        | Found Keddiliu's Jewellery Boutique.
  4230 | D        | Found Jiddov's Jewellery Emporium.
  4230 | D        | Found Yguad's General Store.
  4230 | D        | Found Banweduthu's Antique Armour Shoppe.
  4230 | D        | Found Vuasil's Antique Weapon Boutique.
  4230 | D        | Found Mysial's Weapon Emporium.
  4230 | D        | Found Vaaff's Distillery.
  4230 | D        | Found Ryffapak's General Store.
  4247 | D        | Found Nuruve's Antique Armour Boutique.
  4248 | D        | Found Ocarud's General Store.
  4248 | D        | Found Yfenos's Antique Weapon Boutique.
  4249 | D        | Found Deusoy's Book Emporium.
  4278 | D        | Bought a +6 ring of strength for 760 gold pieces
  4354 | D        | Noticed a lindwurm
  4361 | D        | Killed a lindwurm
  4487 | D        | Received a gift from Trog
  4488 | D        | Reached XP level 11. HP: 100/117 MP: 10/10
  4511 | D        | Noticed a 12-headed hydra
  4514 | D        | Killed Sonja
  4514 | D        | Received a gift from Trog
  4515 | D        | Reached skill level 18 in Fighting
  4515 | D        | Reached skill level 5 in Stealth
  4515 | D        | HP: 8/178 [12-headed hydra (6)]
  4515 | D        | Slain by a 12-headed hydra

Illustrated notes

Levels and vault maps discovered:
D:        dungeon_sprint_1 [red_sonja_temple_1, red_sonja_temple_small_1]

Skill      XL: |  1  2  3  4  5  6  7  8  9 10 11 |
---------------+----------------------------------+-----
Fighting       | 5 7 9 11 13 14 15 17 18 | 18.0
Short Blades   | 5 7 9 11 12 14 15 16 | 16.2
Armour         | 3 4 5 6 7 8 10 12 13 | 13.5
Dodging        | 3 4 5 6 7 8 10 12 | 12.5
Stealth        | 2 4 5 |  5.0

Action                   |  1- 3 |  4- 6 |  7- 9 | 10-12 || total
-------------------------+-------+-------+-------+-------++-------
Melee: Short sword       |    10 |    19 |    79 |     3 ||   111
       Headbutt          |     1 |     6 |    19 |    24 ||    50
       Rapier            |       |       |       |    69 ||    69
Invok: Berserk           |     2 |     4 |     7 |     5 ||    18
  Use: Scroll            |       |       |     1 |       ||     1
       Potion            |       |       |     1 |       ||     1
Armor: Animal skin       |       |     1 |       |       ||     1
       Ring mail         |       |       |    25 |     9 ||    34
       Chain mail        |       |       |       |    13 ||    13
Dodge: Dodged            |     5 |     6 |    64 |    73 ||   148
